 Dungeon Crawl Stone Soup version 0.27-a0-1277-g3808f8b1c9 (webtiles) character file.

Game seed: 141919629453960090

40 HAL9000 the Chucker (level 3, 32/33 HPs)
             Began as a Troll Hunter on June 12, 2021.
             Quit the game on level 2 of the Dungeon.
             The game lasted 00:03:16 (1105 turns).

HAL9000 the Chucker (Troll Hunter)                  Turns: 1105, Time: 00:03:17

Health: 32/33      AC:  4    Str: 20    XL:     3   Next: 30%
Magic:  2/2        EV:  9    Int:  7    God:
Gold:   37         SH:  0    Dex: 11    Spells: 2/2 levels left

rFire    . . .     SeeInvis .   o - +0 hand axe
rCold    . . .     Faith    .   (no shield)
rNeg     . . .     Spirit   .   b - +0 robe
rPois    .         Reflect  .   (helmet restricted)
rElec    .         Harm     .   (no cloak)
rCorr    .         Rampage  .   (gloves unavailable)
Will     .....                  (boots unavailable)
Stlth    +.........             (no amulet)
HPRegen  1.11/turn              (no ring)
MPRegen  0.08/turn              (no ring)

@: no status effects
A: large, unfitting armour, claws 3, regeneration 1, shaggy fur 1, tough skin 1
a: no special abilities


You were on level 2 of the Dungeon.
You visited 1 branch of the dungeon, and saw 2 of its levels.

You collected 37 gold pieces.

Inventory:

Hand Weapons
 o - a +0 hand axe (weapon)
Missiles
 c - 5 large rocks (quivered)
 d - 2 throwing nets
Armour
 b - a +0 robe (worn)
Scrolls
 g - 2 scrolls of enchant weapon {unknown}
 l - a scroll of identify {unknown}
 m - a scroll of blinking {unknown}
Potions
 e - a potion of heal wounds {unknown}
 f - 2 potions of invisibility {unknown}
 h - a potion of attraction {unknown}
 i - 2 potions of curing {unknown}
 j - a potion of flight {unknown}
 k - a potion of might {unknown}


   Skills:
 - Level 1.5 Fighting
 - Level 0.3 Axes
 - Level 4.6 Throwing
 - Level 1.5 Dodging
 - Level 0.3 Stealth
 + Level 0.1 Unarmed Combat


You had 2 spell levels left.
You didn't know any spells.
Your spell library contained the following spells:

 Spells                   Type           Power      Damage    Failure   Level
 Summon Small Mammal      Summ           0%         N/A       43%         1
 Call Imp                 Summ           0%         N/A       56%         2
 Call Canine Familiar     Summ           0%         N/A       80%         3
 Summon Guardian Golem    Hex/Summ       0%         N/A       80%         3
 Summon Ice Beast         Ice/Summ       0%         N/A       99%         4
 Summon Lightning Spire   Summ/Air       0%         N/A       99%         4


Dungeon Overview and Level Annotations

Branches:
Dungeon (2/15)

Altars:
Okawaru


Innate Abilities, Weirdness & Mutations

You are too large for most types of armour.
You have claws for hands.
Your natural rate of healing is unusually fast.
You are covered in fur. (AC +1)
You have tough skin. (AC +1)


Message History

You barely miss the quokka. The quokka bites you.
You barely miss the quokka. The quokka closely misses you.
The quokka bites you.
You hit the quokka but do no damage.
The quokka bites you but does no damage.
You hit the quokka.
The quokka is heavily wounded.
The quokka barely misses you.
The quokka bites you but does no damage.
You closely miss the quokka.
The quokka is heavily wounded.
The quokka closely misses you. The quokka bites you.
You closely miss the quokka.
The quokka is heavily wounded.
The quokka bites you.
You closely miss the quokka.
The quokka is heavily wounded.
The quokka closely misses you. The quokka misses you.
You closely miss the quokka.
The quokka is heavily wounded.
The quokka bites you but does no damage.
You hit the quokka.
You kill the quokka!
The bat hits you. The bat barely misses you.
You miss the bat. You closely miss the giant cockroach.
The bat barely misses you. The giant cockroach closely misses you.
The giant cockroach bites you but does no damage.
You hit the bat but do no damage. You closely miss the giant cockroach.
The bat hits you but does no damage. The giant cockroach bites you.
You hit the bat.
The bat is moderately wounded.
You hit the giant cockroach but do no damage.
The bat closely misses you. The giant cockroach barely misses you.
The giant cockroach bites you. The bat closely misses you.
You closely miss the bat.
The bat is moderately wounded.
You hit the giant cockroach but do no damage.
The bat barely misses you. The giant cockroach barely misses you.
The giant cockroach bites you but does no damage.
Are you sure you want to abandon this character and quit the game? (Confirm with "yes".)

.............#....#
#..#
######...###......#
#..###### ##.##
#..###.# #........
#######)# #.## ###
##.######. ......#.#
#.# ###......#
#####.#.####.##
##..#.###.#
#.......#### ?.##.#.#
#######....#(...#.#.#
..........@B$...#.#.#
#########b.##..##.#.#
##### #...####..#.#
#########...#
#........##.#
............#
#.....####
#########...# #.#####
....# ##.## #.# ###.#
#.####.# #...#..##


You could see a giant cockroach and a bat.

Vanquished Creatures
  2 dart slugs (D:1)
  3 endoplasms
  4 giant cockroaches
  4 goblins
  3 hobgoblins
  3 kobolds (D:2)
  2 quokkas
  6 ball pythons
  4 bats
  2 frilled lizards
  A rat (D:1)
34 creatures vanquished.

Notes
Turn   | Place    | Note
-------+----------+-------------------------------------------
     0 | D:1      | HAL9000 the Troll Hunter began the quest for the Orb.
     0 | D:1      | Reached XP level 1. HP: 19/19 MP: 0/0
   259 | D:1      | Reached skill level 4 in Throwing
   297 | D:1      | Reached XP level 2. HP: 27/27 MP: 1/1
   699 | D:2      | Found a faded altar of an unknown god.
   794 | D:2      | Reached XP level 3. HP: 30/33 MP: 2/2
   949 | D:2      | Found an iron altar of Okawaru.
  1105 | D:2      | Quit the game

Illustrated notes

Levels and vault maps discovered:
D:1:      dpeg_arrival_rhombus, layout_basic
D:2:      layout_loops_ring, basic_altar,
          shapermc_ecumenical_altar_mp_highgroup, st_stairs_7,
          minmay_joined_circles

Skill      XL: |  1 |
---------------+----+-----
Throwing       | 4 |  4.6
Fighting       | |  1.5
Axes           | |  0.3
Dodging        | |  1.5
Stealth        | |  0.3
Unarmed Combat | |  0.1

Action                   || total
-------------------------++-------
Melee: Short sword       ||    87
       Hand axe          ||    30
 Stab: Sleeping          ||     1
Armor: Robe              ||    35
Dodge: Dodged            ||    65

Table legend: (Time is in decaauts)
 A = Elapsed time spent in this place.
 B = Non-inter-level travel time spent in this place.
 C = Inter-level travel time spent in this place.
 D = Time resting spent in this place.
 E = Time spent auto-exploring this place.
 F = Levels seen in this place.
 G = Mean time per level.
                   A        B        C        D        E       F      G
               +--------+--------+--------+--------+--------+-----+--------+
         Total |   1121 |   1087 |     34 |      0 |    813 |   2 |  560.5 |
       Dungeon |   1121 |   1087 |     34 |      0 |    813 |   2 |  560.5 |
               +--------+--------+--------+--------+--------+-----+--------+

Top non-repeatable levels by time:
     D:1: 685 daAuts
     D:2: 435 daAuts
